 Dungeon Crawl Stone Soup version 0.31-a0-426-g3a05650e59 (webtiles) character file.

Game seed: 7547716805945820078

11454 mopl the Martial Artist (level 11, -2/75 HPs)
             Began as an Octopode Shapeshifter on July 30, 2023.
             Was a Believer of Uskayaw.
             Slain by a vampire (7 damage)
             ... on level 11 of the Dungeon.
             The game lasted 00:17:27 (10870 turns).

mopl the Martial Artist (Octopode Shapeshifter)    Turns: 10870, Time: 00:17:28

Health: -2/75      AC:  1    Str: 15    XL:     11   Next: 78%
Magic:  10/13      EV: 18    Int: 10    God:    Uskayaw [**....]
Gold:   732        SH:  5    Dex: 23    Spells: 10/10 levels left

rFire   . .          .
                       - Unarmed
rCold   + . .        y - +0 buckler
rNeg    . . .        (helmet currently unavailable)
rPois   .            l - amulet of the acrobat
rElec   .            d - ring of willpower
rCorr   .            g - +6 ring of dexterity
SInv    .            z - ring of protection from cold
Will    +....        (no ring)
Stlth   ++++         (no ring)
HPRegen 0.32/turn    (no ring)
MPRegen 0.13/turn    (no ring)
                     (no ring)

%: acrobat
@: beast-form
A: beast (slay +6), almost no armour, amphibious, 8 rings, camouflage 1,
gelatinous body 1, (nimble swimmer 1), tentacles
a: Begin Untransformation, Renounce Religion, Stomp, Line Pass


You were on level 11 of the Dungeon.
You worshipped Uskayaw.
Uskayaw was noncommittal.
You were a hulking beast.
You visited 2 branches of the dungeon, and saw 13 of its levels.
You also visited: Bailey.

You collected 732 gold pieces.

Inventory:

Hand Weapons
 A - a +0 arbalest
Missiles
 c - 3 poisoned darts (quivered)
 q - 12 boomerangs
 s - 2 throwing nets
 E - 4 curare-tipped darts
Armour
 y - a +0 buckler (worn)
Jewellery
 d - a ring of willpower (left tentacle)
 g - a +6 ring of dexterity (right tentacle)
 l - an amulet of the acrobat (around mantle)
 z - a ring of protection from cold (on tentacle)
Talismans
 b - a beast talisman (active)
Wands
 t - a wand of charming (4)
 B - a wand of flame (12)
Scrolls
 e - 3 scrolls of amnesia {unknown}
 h - 3 scrolls of blinking {unknown}
 m - 4 scrolls of teleportation {unknown}
 n - a scroll of noise {unknown}
 r - 2 scrolls of immolation {unknown}
 u - 5 scrolls of revelation {unknown}
 v - 6 scrolls of enchant armour
 x - a scroll of torment {unknown}
 C - a scroll of acquirement {unknown}
 D - a scroll of identify
Potions
 a - a potion of lignification {!q}
 f - a potion of invisibility
 i - 3 potions of curing
 j - 4 potions of haste
 k - a potion of ambrosia
 p - 4 potions of brilliance
 w - 3 potions of cancellation


   Skills:
 + Level 7.1 Fighting
 + Level 3.0 Throwing
 + Level 7.3 Dodging
 + Level 4.0 Stealth
 * Level 10.7 Unarmed Combat
 + Level 3.2 Invocations
 * Level 9.2 Shapeshifting


You had 10 spell levels left.
You didn't know any spells.
Your spell library contained the following spells:

 Spells                   Type           Power      Damage    Failure   Level
 Foxfire                  Conj/Fire      0%         2x1d4     45%         1
 Kiss of Death            Conj/Necr      0%         2d5       45%         1
 Ensorcelled Hibernation  Hex/Ice        0%         N/A       61%         2
 Passwall                 Tmut/Erth      0%         N/A       61%         2
 Poisonous Vapours        Pois/Air       0%         N/A       61%         2
 Call Canine Familiar     Summ           0%         N/A       83%         3
 Confusing Touch          Hex            0%         N/A       83%         3
 Mephitic Cloud           Conj/Pois/Air  0%         N/A       83%         3
 Portal Projectile        Hex/Tloc       0%         N/A       83%         3
 Swiftness                Air            0%         N/A       83%         3
 Dispel Undead            Necr           0%         3d6       99%         4
 Leda's Liquefaction      Hex/Erth       0%         N/A       99%         4
 Freezing Cloud           Conj/Ice/Air   0%         6-21      100%        5
 Plasma Beam              Fire/Air       0%         2x1d10    100%        6
 Starburst                Conj/Fire      0%         6d3       100%        6


Dungeon Overview and Level Annotations

Branches:
Dungeon (12/15)            Temple (1/1) D:7            Lair (0/5) D:10
    Orc (0/2) D:10         Bailey (visited)

Altars:
Ashenzari
Cheibriados
Dithmenos
Elyvilon
Fedhas
Gozag
Hepliaklqana
Kikubaaqudgha
Makhleb
Nemelex Xobeh
Okawaru
Qazlal
Ru
Sif Muna
Trog
Uskayaw
Vehumet
Wu Jian
Xom
Yredelemnul
Zin
The Shining One

Shops:
D:3 [   D:4 (   D:8 (

Annotations:
D:12 Kirke


Innate Abilities, Weirdness & Mutations

You are a hulking beast.
Your limbs bulge with bestial killing power. (Slay +6)
You cannot wear most types of armour.
You are amphibious.
You can wear up to eight rings at the same time.
Your skin changes colour to match your surroundings (Stealth+).
Your rubbery body absorbs attacks. (AC +1, EV +1)
((You are camouflaged when in or above water. (Stealth+)))
You have tentacles for arms and can constrict up to eight enemies at once.


Message History

Something draws strength from your injuries!
You miss something. Something misses you. Something bites you!
Something draws strength from your injuries!
You tentacle-slap something.
Your tentacle-slap misses something.
You squeeze something. Something barely misses you. Something bites you!
Something draws strength from your injuries!
You bludgeon something! Your squeeze misses something.
Something closely misses you. Something barely misses you.
You can now pass through a line of other dancers.
You miss something. You tentacle-slap something. You squeeze something.
Something misses you. Something bites you.
Something draws strength from your injuries!
You closely miss something.
Your tentacle-slap misses something.
You tentacle-slap something but do no damage.
Your tentacle-slap misses something.
You squeeze something. Something hits you!
* * * LOW HITPOINT WARNING * * *
Something bites you.
* * * LOW HITPOINT WARNING * * *
Something draws strength from your injuries!
You feel much better. Something hits you but does no damage.
Something bites you!
* * * LOW HITPOINT WARNING * * *
Something draws strength from your injuries!
You bludgeon something! Something draws life force from you!!
* * * LOW HITPOINT WARNING * * *
Uskayaw will force your foes to helplessly watch your dance.
Uskayaw prepares the audience for your solo!
Okay, then.
Okay, then.
You feel much better.
You stomp with the beat, sending a shockwave through the revellers around you!
Something hits you.
* * * LOW HITPOINT WARNING * * *
Something barely misses you.
You tentacle-slap something but do no damage.
Your squeeze misses something. Something hits you!
* * * LOW HITPOINT WARNING * * *
Something completely misses you.
You tentacle-slap something. Your squeeze misses something. Something hits you!
You die...

.. #.#.....### ..
..<.....# #.
#.#.....# #.
#.#.....# #.
#.#.....# #.
#.#..#..# #.
#.#..#..#
###{###.#..#..#
#...h...#..#..#
..............#..###
.#.###.............#
..............###
###.###.#####.# ...
...# #.# ###.###.#
#.# #. #.# #.# #.
#.#


There were no monsters in sight!

Vanquished Creatures
  Snorg (D:10)
  A two-headed ogre (D:10)
  2 orc knights (Bailey)
  2 manticores
  A troll (D:10)
  A hornet (D:9)
  A shadow (D:10)
  4 hogs
  3 wyverns
  7 yaks
  2 steam dragons
  Menkaure (D:7)
  4 acid dragons
  2 water moccasins
  Duvessa (D:5)
  A swamp drake (D:10)
  10 orc warriors
  2 black bears (D:5)
  2 ice beasts (D:7)
  3 ogres
  6 centaurs
  2 phantoms
  4 bullfrogs
  3 scorpions
  5 wights (D:9)
  Dowan (D:5)
  6 killer bees
  5 howler monkeys
  A jelly (D:5)
  6 hounds
  6 orc priests
  Crazy Yiuf (D:3)
  2 sleepcaps
  Ijyb (D:4)
  A gnoll bouda (D:3)
  8 iguanas
  Natasha (thrice) (D:4)
  12 orc wizards
  18 gnolls (D:3)
  10 adders
  2 shadow imps
  An ufetubus (D:3)
  2 worms (D:2)
  A dart slug (D:1)
  62 orcs
  10 ball pythons
  9 endoplasms
  4 giant cockroaches
  2 hobgoblins
  11 jackals (D:3)
  6 quokkas
  9 bats
  10 frilled lizards
  10 goblins
  3 kobolds
  7 rats
301 creatures vanquished.

Vanquished Creatures (collateral kills)
  An orc (Bailey)
1 creature vanquished.

Vanquished Creatures (others)
  An orc warrior (Bailey)
1 creature vanquished.

Grand Total: 303 creatures vanquished

Notes
Turn   | Place    | Note
-------+----------+-------------------------------------------
     0 | D:1      | mopl the Octopode Shapeshifter began the quest for the Orb.
     0 | D:1      | Reached XP level 1. HP: 13/13 MP: 1/1
    82 | D:1      | Reached XP level 2. HP: 15/18 MP: 2/2
   308 | D:1      | Reached XP level 3. HP: 23/23 MP: 3/3
  1067 | D:2      | Reached XP level 4. HP: 28/28 MP: 4/4
  1700 | D:3      | Reached skill level 2 in Fighting
  1718 | D:3      | Found Fis Fuc's Armour Emporium.
  1761 | D:3      | Reached XP level 5. HP: 21/34 MP: 5/5
  1795 | D:3      | Reached skill level 4 in Unarmed Combat
  2165 | D:3      | Noticed an ogre
  2184 | D:3      | Killed an ogre
  2185 | D:3      | Reached skill level 3 in Dodging
  2185 | D:3      | Reached skill level 4 in Shapeshifting
  2185 | D:3      | Reached XP level 6. HP: 38/41 MP: 6/6
  2409 | D:3      | Reached skill level 5 in Unarmed Combat
  2432 | D:3      | Reached XP level 7. HP: 38/45 MP: 7/7
  2520 | D:3      | Found a runed translucent door.
  2521 | D:3      | Noticed Crazy Yiuf
  2563 | D:3      | Found a faded altar of an unknown god.
  2651 | D:3      | Reached skill level 3 in Fighting
  3077 | D:3      | Killed Crazy Yiuf
  3186 | D:4      | Noticed Natasha
  3193 | D:4      | Killed Natasha
  3204 | D:4      | Found Nalaz's Antique Weapon Shoppe.
  3302 | D:4      | Noticed Ijyb
  3305 | D:4      | Noticed Natasha
  3309 | D:4      | Killed Ijyb
  3310 | D:4      | Reached skill level 5 in Shapeshifting
  3314 | D:4      | Killed Natasha
  3445 | D:4      | Noticed Natasha
  3449 | D:4      | Killed Natasha
  3517 | D:4      | Reached XP level 8. HP: 52/52 MP: 8/8
  3631 | D:5      | Entered Level 5 of the Dungeon
  3645 | D:5      | Reached skill level 4 in Dodging
  3677 | D:5      | Reached skill level 6 in Unarmed Combat
  3895 | D:5      | Reached skill level 4 in Fighting
  4175 | D:5      | Reached skill level 6 in Shapeshifting
  4447 | D:5      | Noticed Duvessa
  4456 | D:5      | Killed Duvessa
  4457 | D:5      | Reached skill level 7 in Unarmed Combat
  4457 | D:5      | Reached XP level 9. HP: 36/59 MP: 9/9
  4486 | D:5      | Noticed Dowan
  4494 | D:5      | Killed Dowan
  4771 | D:6      | Identified the +2 cloak "Koojipn" {rF- Regen+ rCorr Slay+5}
  4837 | D:5      | Reached skill level 5 in Dodging
  5146 | D:6      | Reached skill level 5 in Fighting
  5191 | D:6      | Reached skill level 8 in Unarmed Combat
  5461 | D:6      | Reached skill level 7 in Shapeshifting
  5551 | D:6      | Found a bloodstained altar of Trog.
  5613 | D:7      | Noticed a manticore
  5626 | D:7      | Killed a manticore
  5694 | D:7      | Found a staircase to the Ecumenical Temple.
  5809 | D:7      | Noticed Menkaure
  5824 | D:7      | Killed Menkaure
  5825 | D:7      | Reached XP level 10. HP: 39/66 MP: 10/10
  5840 | D:7      | Found a flagged portal.
  5857 | Bailey   | Entered a bailey
  6091 | Bailey   | Reached skill level 6 in Dodging
  6124 | Bailey   | Reached skill level 9 in Unarmed Combat
  6350 | Bailey   | Noticed an orc knight
  6350 | Bailey   | Noticed an orc knight
  6613 | Bailey   | Killed an orc knight
  6614 | Bailey   | Reached skill level 6 in Fighting
  6614 | Bailey   | Reached skill level 8 in Shapeshifting
  6803 | Bailey   | Killed an orc knight
  7201 | Temple   | Entered the Ecumenical Temple
  7212 | Temple   | Became a worshipper of Uskayaw the Reveller
  7230 | D:7      | Reached * piety under Uskayaw
  7265 | D:7      | Reached ** piety under Uskayaw
  7268 | D:7      | Reached *** piety under Uskayaw
  7276 | D:7      | Reached **** piety under Uskayaw
  7790 | D:8      | Reached skill level 1 in Invocations
  7910 | D:8      | Reached skill level 1 in Throwing
  7919 | D:8      | Found Quder's Antique Weapon Shop.
  7932 | D:8      | Reached skill level 1 in Stealth
  8081 | D:8      | Found a white marble altar of Elyvilon.
  8197 | D:9      | Reached skill level 10 in Unarmed Combat
  8197 | D:9      | Reached XP level 11. HP: 61/74 MP: 10/12
  8200 | D:9      | Reached ***** piety under Uskayaw
  8349 | D:9      | Reached skill level 2 in Stealth
  8423 | D:9      | Reached skill level 2 in Invocations
  8701 | D:9      | Reached skill level 2 in Throwing
  8701 | D:9      | Reached skill level 7 in Dodging
  8875 | D:10     | Entered Level 10 of the Dungeon
  8875 | D:10     | Found a staircase to the Lair.
  8908 | D:10     | Noticed a two-headed ogre
  8916 | D:10     | Killed a two-headed ogre
  8917 | D:10     | Reached skill level 3 in Stealth
  9008 | D:10     | Noticed Snorg
  9020 | D:10     | Killed Snorg
  9021 | D:10     | Reached skill level 9 in Shapeshifting
  9433 | D:10     | Noticed a manticore
  9442 | D:10     | Reached skill level 7 in Fighting
  9475 | D:10     | Killed a manticore
  9939 | D:10     | Reached skill level 3 in Invocations
 10062 | D:10     | Found a staircase to the Orcish Mines.
 10264 | D:10     | You fall into a shaft and drop 2 floors!
 10273 | D:12     | Noticed a two-headed ogre
 10421 | D:12     | Noticed Kirke
 10424 | D:12     | Noticed a manticore
 10431 | D:11     | Reached skill level 4 in Stealth
 10539 | D:11     | Reached skill level 3 in Throwing
 10866 | D:11     | HP: 1/75 [something (19)]
 10870 | D:11     | Slain by a vampire

Illustrated notes

Levels and vault maps discovered:
D:1:      wheals_arrival_linesprint, layout_basic, grunt_decor_resistance
D:2:      layout_basic
D:3:      lemuel_castle_with_subvaults [lemuel_castle_interior_carwin_3],
          layout_basic, serial_shops, shop, shapermc_ecumenical_altar_petra,
          grunt_decor_junction, grunt_ministairs_15, minmay_lizard_king,
          uniq_crazy_yiuf_cottage
D:4:      layout_rooms, skrybe_limestone_x, nicolae_stop_n_shop_1, uniq_natasha,
          uniq_ijyb
D:5:      layout_basic, uniq_duvessa
D:6:      layout_gridville, mainiacjoe_overflow_catwalk,
          hangedman_abyss_or_decor_jellyfish_corner, kennysheep_generic_room_2
D:7:      layout_basic, minmay_temple_entry_mini_moons, enter_bailey_6,
          uniq_menkaure
D:8:      layout_rooms, elyvilon_altar_1, serial_shops, shop_fountains
D:9:      layout_loops_ring
D:10:     layout_layer_cave, lair_entry_dummy, erik_orc_1, uniq_snorg
D:11:     layout_basic
D:12:     layout_cave_pools, uniq_kirke, uniq_psyche
Temple:   nicolae_temple_bog_church

Skill      XL: |  1  2  3  4  5  6  7  8  9 10 11 |
---------------+----------------------------------+-----
Fighting       | 2 3 4 5 6 7 |  7.1
Unarmed Combat | 4 5 7 8 10 | 10.7
Dodging        | 3 4 5 6 7 |  7.3
Shapeshifting  | 4 5 6 7 8 9 |  9.2
Invocations    | 1 3 |  3.2
Throwing       | 1 3 |  3.0
Stealth        | 1 4 |  4.0

Action                     |  1- 3 |  4- 6 |  7- 9 | 10-12 || total
---------------------------+-------+-------+-------+-------++-------
  Melee: Unarmed           |    57 |   123 |   208 |   258 ||   646
         Tentacles         |     8 |    23 |    56 |    61 ||   148
         Constrict         |    10 |    32 |    63 |    44 ||   149
         Punch             |     1 |     3 |    18 |    19 ||    41
   Fire: Arbalest          |       |       |       |    44 ||    44
  Throw: Dart              |       |       |       |     7 ||     7
         Boomerang         |       |       |       |     3 ||     3
 Invoke: Stomp             |       |       |       |     1 ||     1
  Evoke: Wand              |       |       |       |     1 ||     1
    Use: Potion            |       |       |     1 |     4 ||     5
         Scroll            |       |       |       |     6 ||     6
   Stab: Sleeping          |     8 |     3 |    14 |     9 ||    34
         Paralysed         |       |       |       |    14 ||    14
         Distracted        |       |       |       |     1 ||     1
 Armour: Skin              |     5 |     8 |    12 |     3 ||    28
  Dodge: Dodged            |    30 |   103 |   106 |   209 ||   448
  Block: Buckler           |       |       |    21 |    48 ||    69

Table legend: (Time is in decaauts)
 A = Elapsed time spent in this place.
 B = Non-inter-level travel time spent in this place.
 C = Inter-level travel time spent in this place.
 D = Time resting spent in this place.
 E = Time spent auto-exploring this place.
 F = Levels seen in this place.
 G = Mean time per level.
                   A        B        C        D        E       F      G
               +--------+--------+--------+--------+--------+-----+--------+
         Total |  10842 |  10416 |    426 |   2203 |   5804 |  14 |  774.4 |
       Dungeon |   9779 |   9374 |    405 |   1811 |   5638 |  12 |  814.9 |
        Temple |     22 |      1 |     21 |      0 |      0 |   1 |   22.0 |
        Bailey |   1040 |   1040 |      0 |    392 |    166 |   1 | 1040.0 |
               +--------+--------+--------+--------+--------+-----+--------+

Top non-repeatable levels by time:
    D:10: 1551 daAuts
     D:3: 1492 daAuts
     D:5: 1193 daAuts
  Bailey: 1040 daAuts
     D:1: 1009 daAuts
     D:7: 985 daAuts
     D:6: 757 daAuts
     D:9: 688 daAuts
     D:2: 666 daAuts
     D:8: 561 daAuts
     D:4: 440 daAuts
    D:11: 267 daAuts
    D:12: 165 daAuts
  Temple: 22 daAuts
